 Dungeon Crawl Stone Soup version 0.31.0-32-g396128a36d (webtiles) character file.

Game seed: 4187167188423237813

12 spaghetti the Caller (level 2, 0/22 HPs)
             Began as a Naga Summoner on Mar 13, 2024.
             Slain by a jackal (3 damage)
             ... on level 1 of the Dungeon.
             The game lasted 00:00:28 (176 turns).

spaghetti the Caller (Naga Summoner)                 Turns: 176, Time: 00:00:29

Health: 0/22       AC:  1    Str: 10    XL:     2   Next: 33%
Magic:  1/5        EV:  9    Int: 15    God:
Gold:   0          SH:  0    Dex: 11    Spells: 3/6 levels left

rFire   . . .        (no weapon)
rCold   . . .        (no shield)
rNeg    . . .        a - +0 robe
rPois   +            (no helmet)
rElec   .            (no cloak)
rCorr   .            (no gloves)
SInv    +            (no barding)
Will    .....        (no amulet)
Stlth   ++           (no ring)
HPRegen 0.23/turn    (no ring)
MPRegen 0.09/turn

%: no passive effects
@: very slow
A: AC +0, large, see invisible, deformed body, poison resistance, slowness 2,
spit poison 1, naga tail 1
a: Spit Poison


You were on level 1 of the Dungeon.
You visited 1 branch of the dungeon, and saw 1 of its levels.

Inventory:

Armour
 a - a +0 robe (worn)
Scrolls
 c - a scroll of amnesia {unknown}
Potions
 b - a potion of magic


   Skills:
 - Level 1.5 Dodging
 - Level 3.0 Stealth
 + Level 2.8 Spellcasting
 - Level 4.0 Summonings


You had 3 spell levels left.
You knew the following spells:

 Your Spells              Type           Power      Damage    Failure   Level
a - Summon Small Mammal   Summ           56%        N/A       4%          1
b - Call Imp              Summ           28%        N/A       6%          2

Your spell library contained the following spells:

 Spells                   Type           Power      Damage    Failure   Level
 Call Canine Familiar     Summ           14%        N/A       12%         3
 Summon Blazeheart Golem  Fire/Summ      8%         N/A       65%         4
 Summon Lightning Spire   Summ/Air       8%         N/A       65%         4


Dungeon Overview and Level Annotations

Branches:
Dungeon (1/15)

Altars:


Innate Abilities, Weirdness & Mutations

Your serpentine skin is tough. (AC +0)
You have supernaturally acute eyesight. (SInv)
Armour fits poorly on your strangely shaped body.
Your system is resistant to poisons. (rPois)
You cover ground very slowly.
You can spit poison.
You have a snake-like lower body.


Message History

The jackal dies!
Your rat misses the goblin.
Unknown command.
You barely miss the jackal. The goblin hits you but does no damage.
The jackal bites your rat but does no damage.
Your cerulean imp barely misses the jackal.
Your rat bites the goblin.
You closely miss the jackal.
The jackal bites you but does no damage.
The goblin hits you with a +0 dagger.
Your cerulean imp barely misses the jackal.
Your rat bites the goblin.
The goblin dies!
You barely miss the jackal. The jackal bites you. The jackal barely misses you.
The jackal bites you.
Your cerulean imp barely misses the jackal.
Your rat misses the jackal.
Casting: Summon Small Mammal (safe; 4% risk of failure)
Confirm with . or Enter, or press ? or * to list all spells.
You have got your breath back.
Your rat disappears in a puff of smoke!
The jackal bites you.
A jackal comes into view.
The jackal closely misses you.
Your cerulean imp hits the jackal with a -3 spear.
The jackal barks!
You hit the jackal.
You kill the jackal!
The jackal bites you.
Your cerulean imp completely misses the jackal.
You miss the jackal.
The jackal bites you but does no damage.
The jackal closely misses you. The jackal bites you.
* * * LOW HITPOINT WARNING * * *
Your cerulean imp misses the jackal.
You closely miss the jackal. The jackal bites you.
* * * LOW HITPOINT WARNING * * *
A rat comes into view.
The jackal bites you.
You die...

##### #...# #######
#...# #.h...## #...#
#.h@#..#######...#
#...#5br...........##
#.r
###...#.........## #.
###............. #
###.........##
.....♣.......
.......8.....#
..............#
..#..........##


You could see 2 jackals, a rat, a friendly cerulean imp (summoned), a friendly
bat (summoned) and a friendly rat (summoned).

Vanquished Creatures
  A hobgoblin (D:1)
  A jackal (D:1)
2 creatures vanquished.

Vanquished Creatures (collateral kills)
  A dart slug (D:1)
  2 endoplasms (D:1)
  2 goblins (D:1)
  A jackal (D:1)
6 creatures vanquished.

Grand Total: 8 creatures vanquished

Notes
Turn   | Place    | Note
-------+----------+-------------------------------------------
     0 | D:1      | spaghetti the Naga Summoner began the quest for the Orb.
     0 | D:1      | Reached XP level 1. HP: 15/15 MP: 3/3
    23 | D:1      | Reached XP level 2. HP: 10/22 MP: 0/5
   118 | D:1      | Learned a level 2 spell: Call Imp
   176 | D:1      | Slain by a jackal

Illustrated notes

Levels and vault maps discovered:
D:1:      wander_arrival_peaceful_grave, layout_rooms,
          hellmonk_ecumenical_altar_arch_garden

Action                     || total
---------------------------++-------
  Melee: Unarmed           ||    17
   Cast: Summon Small Mamm ||     7
         Call Imp          ||     2
Ability: Spit Poison       ||     3
 Armour: Robe              ||    24
  Dodge: Dodged            ||     9
